 Dungeon Sprint DCSS version 0.31-a0-846-gb3bcc0d938 (webtiles) character file.

Game seed: 10567405855360149756

24532 sircluck the Brawler (level 12, -1/148 HPs)
             Began as a Troll Berserker on Oct 3, 2023.
             Was a High Priest of Trog.
             Slain by the Enchantress
             ... wielding a +1 quick blade of venom
              (8 damage)
             ... in the Dungeon (Sprint IV: "Fedhas' Mad Dash").
             The game lasted 00:12:09 (3098 turns).

sircluck the Brawler (Troll Berserker)              Turns: 3098, Time: 00:12:09

Health: -1/148     AC: 11    Str: 32    XL:     12   Next: 81%
Magic:  11/11      EV: 16    Int:  5    God:    Trog [*****.]
Gold:   362        SH:  0    Dex: 13    Spells: 11/11 levels left

rFire   . .          .
                       - Unarmed
rCold   . . .        (no shield)
rNeg    . . .        j - +3 acid dragon scales of Crawling {rCorr Int+2 Dex+4}
rPois   .            (helmet restricted)
rElec   .            (no cloak)
rCorr   +            (gloves unavailable)
SInv    .            (boots unavailable)
Will    .....        h - amulet of invisibility {+Inv} Stlth
                     l - ring of resist corrosion
HPRegen 1.24/turn    (no ring)
MPRegen 0.12/turn

%: no teleportation
@: confused, lethally poisoned (-1 -> -59), on berserk cooldown, slowed, very
slow
A: large, unfitting armour, claws 3, regeneration 1, shaggy fur 1, tough skin 1
a: Renounce Religion, Evoke Invisibility, Berserk, Trog's Hand, Brothers in Arms


You were in the Dungeon.
You worshipped Trog.
Trog was extremely pleased with you.
You visited 1 branch You collected 446 gold pieces.
You spent 84 gold pieces at shops.

Inventory:

Missiles
 k - 8 stones
Armour
 a - a +0 animal skin
 j - the +3 acid dragon scales of Crawling (worn) {rCorr Int+2 Dex+4}
   (You found it in the Dungeon)

   Int+2:     It affects your intelligence (+2).
   Dex+4:     It affects your dexterity (+4).
   rCorr:     It protects you from acid and corrosion.
Jewellery
 h - the amulet of invisibility (around neck) {+Inv}
   (You found it in the Dungeon)

   [amulet of nothing]

   +Inv:      It lets you turn invisible.
 l - a ring of resist corrosion (left claw)
Scrolls
 g - a scroll of blinking
 i - 2 scrolls of identify
Potions
 c - 2 potions of heal wounds
 d - a potion of haste
 e - 2 potions of magic
 f - a potion of berserk rage


   Skills:
 + Level 17.0 Fighting
 + Level 16.7 Dodging
 + Level 19.6 Unarmed Combat


You had 11 spell levels left.
You didn't know any spells.
Your spell library was empty.

Dungeon Overview and Level Annotations

Branches:
Dungeon (1/1)

Altars:
Cheibriados
Dithmenos
Elyvilon
Gozag
Hepliaklqana
Kikubaaqudgha
Makhleb
Nemelex Xobeh
Okawaru
Qazlal
Ru
Sif Muna
Trog
Uskayaw
Vehumet
Wu Jian
Xom
Yredelemnul
Zin
The Shining One
Jiyva
Lugonu

Shops:
D =([[*:(=[(?*[*([=:!=*

Annotations:
D the Enchantress


Innate Abilities, Weirdness & Mutations

You are too large for most types of armour.
You have claws for hands.
Your natural rate of healing is unusually fast.
You are covered in fur. (AC +1)
You have tough skin. (AC +1)


Message History

You are more poisoned.
The Enchantress completely misses you.
You're too confused to move!
You feel a strong urge to attack something.
You feel very sick. The Enchantress closely misses you.
The Enchantress hits you with a +1 quick blade of venom!!
You are more poisoned.
The Enchantress blocks your attack.
The Enchantress is almost dead.
You feel very sick.
The Enchantress hits you but does no damage.
You are more poisoned.
The Enchantress closely misses you.
You feel extremely sick.
The Enchantress hits you with a +1 quick blade of venom!
* * * LOW HITPOINT WARNING * * *
You are more poisoned.
The Enchantress hits you but does no damage.
You are more poisoned.
You feel a strong urge to attack something.
You are no longer berserk.
You are exhausted.
You feel yourself slow down.
* * * LOW HITPOINT WARNING * * *
You feel extremely sick. The Enchantress barely misses you. x2
You feel much better.
* * * LOW HITPOINT WARNING * * *
You feel extremely sick.
The Enchantress hits you with a +1 quick blade of venom!
* * * LOW HITPOINT WARNING * * *
The Enchantress hits you with a +1 quick blade of venom!
* * * LOW HITPOINT WARNING * * *
You are more poisoned.
The Enchantress hits you with a +1 quick blade of venom.
* * * LOW HITPOINT WARNING * * *
You are more poisoned.
The Enchantress hits you with a +1 quick blade of venom!
You die...

#........).# #....'.
###.P...)### #....##
###...## ##....#
#....####.....##
#.............'.
#.............##
########################
#........♣..♣..♣..♣..♣..
#......@i.......).......
#........♣..♣..♣..♣..♣..
##++++##################


You could see the Enchantress (fast, repels missiles).

Vanquished Creatures
  Agnes (D)
  A ghost moth (D)
  4 spriggan defenders (D)
  2 spriggan berserkers (D)
  2 demonic crawlers (D)
  4 spriggan druids (D)
  11 oklob plants (D)
  2 moths of wrath (D)
  2 burning bushes (D)
  A queen bee (D)
  6 hornets (D)
  2 wandering mushrooms (D)
  2 scorpions (D)
  4 killer bees (D)
  4 oklob saplings (D)
  10 spriggans (D)
  A river rat (D)
  A rat (D)
60 creatures vanquished.

Vanquished Creatures (collateral kills)
  A demonic crawler (D)
  A spriggan berserker (D)
  10 oklob plants (D)
  A wandering mushroom (D)
  A burning bush (D)
  2 hornets (D)
  A scorpion (D)
  An oklob sapling (D)
18 creatures vanquished.

Vanquished Creatures (others)
  2 ballistomycete spores (D)
2 creatures vanquished.

Grand Total: 80 creatures vanquished

Notes
Turn   | Place    | Note
-------+----------+-------------------------------------------
     0 | D        | sircluck the Troll Berserker began the quest for the Orb.
     0 | D        | Reached XP level 1. HP: 22/22 MP: 0/0
     8 | D        | Reached XP level 2. HP: 31/31 MP: 1/1
    18 | D        | Noticed an oklob sapling
    21 | D        | Killed an oklob sapling
    21 | D        | Reached ** piety under Trog
    22 | D        | Reached skill level 4 in Unarmed Combat
    22 | D        | Reached XP level 3. HP: 22/39 MP: 2/2
    40 | D        | Noticed a scorpion
    40 | D        | Found the amulet of invisibility {+Inv}
    48 | D        | Killed a scorpion
    49 | D        | Reached skill level 5 in Unarmed Combat
    49 | D        | Reached XP level 4. HP: 16/49 MP: 3/3
    97 | D        | Reached skill level 5 in Fighting
    97 | D        | Reached skill level 5 in Dodging
    97 | D        | Reached skill level 6 in Unarmed Combat
   130 | D        | Noticed a queen bee
   139 | D        | Reached XP level 5. HP: 49/59 MP: 4/4
   140 | D        | Reached *** piety under Trog
   141 | D        | Reached skill level 7 in Unarmed Combat
   167 | D        | Killed a queen bee
   168 | D        | Reached skill level 9 in Unarmed Combat
   168 | D        | Reached XP level 6. HP: 39/71 MP: 5/5
   177 | D        | HP: 3/72 [poisoned by a killer bee]
   182 | D        | HP: 3/72 [poisoned by a killer bee]
   253 | D        | Noticed an oklob plant
   260 | D        | Killed an oklob plant
   260 | D        | Reached **** piety under Trog
   261 | D        | Reached skill level 10 in Unarmed Combat
   261 | D        | Reached XP level 7. HP: 67/81 MP: 6/6
   272 | D        | Noticed a burning bush
   275 | D        | Identified the +3 acid dragon scales of Crawling {rCorr
                  | Int+2 Dex+4}
   277 | D        | Killed a burning bush
   278 | D        | Reached XP level 8. HP: 92/92 MP: 7/7
   342 | D        | Found an opulent altar of Gozag.
   342 | D        | Found a hazy altar of Hepliaklqana.
   342 | D        | Found a burning altar of Makhleb.
   342 | D        | Found a sparkling altar of Nemelex Xobeh.
   342 | D        | Found a snail-covered altar of Cheibriados.
   342 | D        | Found a sacrificial altar of Ru.
   342 | D        | Found a shimmering blue altar of Sif Muna.
   342 | D        | Found a shimmering altar of Xom.
   342 | D        | Found a basalt altar of Yredelemnul.
   343 | D        | Found a viscous altar of Jiyva.
   343 | D        | Found a bloodstained altar of Trog.
   343 | D        | Found an ornate altar of the Wu Jian Council.
   344 | D        | Found an iron altar of Okawaru.
   344 | D        | Found a shadowy altar of Dithmenos.
   344 | D        | Found a glowing silver altar of Zin.
   345 | D        | Found an ancient bone altar of Kikubaaqudgha.
   345 | D        | Found a hide-covered altar of Uskayaw.
   346 | D        | Found a stormy altar of Qazlal.
   346 | D        | Found a white marble altar of Elyvilon.
   346 | D        | Found a glowing golden altar of the Shining One.
   347 | D        | Found a corrupted altar of Lugonu.
   347 | D        | Found a radiant altar of Vehumet.
   396 | D        | Reached skill level 11 in Unarmed Combat
   407 | D        | Reached ***** piety under Trog
   425 | D        | Found Qastuz's Weapon Shop.
   425 | D        | Found Taschi's Assorted Antiques.
   429 | D        | Bought a scroll labelled FUPNEO GEAM for 29 gold pieces
   533 | D        | Noticed a burning bush
   533 | D        | Noticed a wandering mushroom
   550 | D        | Noticed a wandering mushroom
   653 | D        | Killed a wandering mushroom
   654 | D        | Reached skill level 10 in Fighting
   654 | D        | Reached skill level 10 in Dodging
   666 | D        | Killed a burning bush
   667 | D        | Reached skill level 12 in Unarmed Combat
   673 | D        | Found Xevisut's Distillery.
   673 | D        | Found Xorrewux's Book Shoppe.
   683 | D        | Bought a potion of heal wounds for 55 gold pieces
   721 | D        | Noticed a burning bush
   721 | D        | Noticed an oklob plant
   740 | D        | Noticed a wandering mushroom
   742 | D        | Killed a burning bush
   743 | D        | Reached XP level 9. HP: 102/102 MP: 8/8
   746 | D        | Killed an oklob plant
   747 | D        | Killed a wandering mushroom
   748 | D        | Reached skill level 13 in Unarmed Combat
   768 | D        | Noticed a spriggan druid
   772 | D        | Killed a spriggan druid
   808 | D        | Noticed an oklob plant conjurer
   814 | D        | Killed an oklob plant conjurer
   850 | D        | Noticed an oklob plant
   850 | D        | Noticed an oklob plant summoner
   957 | D        | Noticed an oklob plant shifter
  1026 | D        | Noticed Agnes
  1031 | D        | Killed Agnes
  1031 | D        | Identified the +7 double sword of Guax {flame, rPois} (Trog
                  | gifted it to you in the Dungeon)
  1031 | D        | Received a gift from Trog
  1032 | D        | Reached skill level 14 in Unarmed Combat
  1032 | D        | Reached XP level 10. HP: 89/115 MP: 9/9
  1033 | D        | Found Okue's Antique Armour Emporium.
  1033 | D        | Noticed a spriggan berserker
  1035 | D        | Killed a spriggan berserker
  1157 | D        | Found Jibb's Jewellery Shoppe.
  1158 | D        | Noticed a spriggan defender
  1167 | D        | Killed a spriggan defender
  1268 | D        | Noticed a spriggan rider
  1306 | D        | Killed a spriggan rider
  1307 | D        | Reached skill level 15 in Unarmed Combat
  1352 | D        | Noticed a demonic crawler
  1353 | D        | Found Ciohaise's Weapon Boutique.
  1353 | D        | Found Seaweum's Armour Emporium.
  1353 | D        | Found Upyffuh's Jewellery Shoppe.
  1357 | D        | Killed a demonic crawler
  1366 | D        | Killed a ghost moth
  1367 | D        | Reached XP level 11. HP: 60/128 MP: 0/10
  1652 | D        | Noticed an oklob plant meteorologist
  1655 | D        | Noticed an oklob plant shifter
  1667 | D        | Noticed a demonic crawler
  1675 | D        | Reached skill level 16 in Unarmed Combat
  1676 | D        | Killed a demonic crawler
  1690 | D        | Killed an oklob plant meteorologist
  1690 | D        | Received a gift from Trog
  1690 | D        | Noticed a spriggan rider
  1698 | D        | Killed a spriggan rider
  1771 | D        | Killed an oklob plant shifter
  1840 | D        | Noticed an oklob plant summoner
  1841 | D        | Found Guferu's General Store.
  1842 | D        | Found Fusifeic's Armour Shop.
  1880 | D        | Killed an oklob plant summoner
  1974 | D        | Killed an oklob plant
  2001 | D        | Killed an oklob plant summoner
  2005 | D        | Killed an oklob plant shifter
  2005 | D        | Identified the +8 short sword of Qouv {heavy, Fly Str+2}
                  | (Trog gifted it to you in the Dungeon)
  2005 | D        | Received a gift from Trog
  2006 | D        | Reached skill level 17 in Unarmed Combat
  2063 | D        | Noticed a demonic crawler
  2068 | D        | Killed a demonic crawler
  2106 | D        | Noticed a spriggan rider
  2110 | D        | Found Sejadyol's Jewellery Emporium.
  2173 | D        | Found Domotikk's Assorted Antiques.
  2255 | D        | Found Uhasu's General Store.
  2255 | D        | Found Onoqujas's Book Boutique.
  2255 | D        | Found Naocueke's Antique Armour Shop.
  2255 | D        | Found Gyuk's Jewellery Emporium.
  2255 | D        | Found Civi's Weapon Shoppe.
  2256 | D        | Found Wecui's Weapon Emporium.
  2256 | D        | Found Lyhaidgh's Magic Scroll Shop.
  2256 | D        | Found Labbuis's Armour Boutique.
  2377 | D        | Noticed an oklob plant
  2377 | D        | Noticed an oklob plant
  2377 | D        | Noticed an oklob plant
  2377 | D        | Noticed an oklob plant
  2377 | D        | Noticed an oklob plant
  2377 | D        | Noticed an oklob plant
  2378 | D        | Noticed an oklob plant
  2382 | D        | Killed an oklob plant
  2383 | D        | Reached skill level 15 in Fighting
  2536 | D        | Noticed an oklob plant
  2541 | D        | Killed an oklob plant
  2579 | D        | Noticed an oklob plant
  2581 | D        | Killed an oklob plant
  2581 | D        | Reached ****** piety under Trog
  2581 | D        | Received a gift from Trog
  2582 | D        | Reached skill level 15 in Dodging
  2582 | D        | Noticed an oklob plant
  2585 | D        | Killed an oklob plant
  2742 | D        | Killed an oklob plant
  2745 | D        | Killed an oklob plant
  2746 | D        | Reached XP level 12. HP: 135/143 MP: 11/11
  2748 | D        | Reached skill level 18 in Unarmed Combat
  2758 | D        | Received a gift from Trog
  2818 | D        | Noticed a spriggan defender
  2818 | D        | Noticed a spriggan defender
  2829 | D        | Killed a spriggan defender
  2837 | D        | Killed a spriggan defender
  2908 | D        | Received a gift from Trog
  2913 | D        | Reached skill level 19 in Unarmed Combat
  2977 | D        | Received a gift from Trog
  3043 | D        | Noticed a spriggan defender
  3049 | D        | Killed a spriggan defender
  3069 | D        | Noticed the Enchantress
  3098 | D        | HP: 7/148 [the Enchantress/+1 quick blade of venom (2)]
  3098 | D        | Slain by the Enchantress

Illustrated notes

Levels and vault maps discovered:
D:        dungeon_sprint_fedhas [sprint_temple]

Skill      XL: |  1  2  3  4  5  6  7  8  9 10 11 12 |
---------------+-------------------------------------+-----
Fighting       | 3 4 5 7 8 9 10 12 13 15 17 | 17.0
Dodging        | 3 4 5 7 8 9 10 12 13 15 16 | 16.7
Unarmed Combat | 4 5 6 9 10 12 14 15 17 19 | 19.6

Action                     |  1- 3 |  4- 6 |  7- 9 | 10-12 || total
---------------------------+-------+-------+-------+-------++-------
  Melee: Unarmed           |    12 |    30 |    57 |   168 ||   267
         Punch             |       |       |     4 |    16 ||    20
 Invoke: Berserk           |       |     1 |     1 |     2 ||     4
         Brothers in Arms  |       |       |     3 |     6 ||     9
    Use: Scroll            |       |       |     2 |       ||     2
         Potion            |       |       |       |     2 ||     2
 Armour: Animal skin       |     7 |    20 |     2 |       ||    29
         Acid dragon scale |       |       |    44 |   174 ||   218
  Dodge: Dodged            |     4 |    15 |    39 |   143 ||   201

Table legend: (Time is in decaauts)
 A = Elapsed time spent in this place.
 B = Non-inter-level travel time spent in this place.
 C = Inter-level travel time spent in this place.
 D = Time resting spent in this place.
 E = Time spent auto-exploring this place.
 F = Levels seen in this place.
 G = Mean time per level.
                   A        B        C        D        E       F      G
               +--------+--------+--------+--------+--------+-----+--------+
         Total |   3059 |   2990 |     69 |   1898 |    110 |   1 | 3059.0 |
       Dungeon |   3059 |   2990 |     69 |   1898 |    110 |   1 | 3059.0 |
               +--------+--------+--------+--------+--------+-----+--------+

Top non-repeatable levels by time:
       D: 3059 daAuts
